 Dungeon Crawl Stone Soup version 0.23-a0-536-g5e0f5a2 (webtiles) character file.

11680 MisterFreud the Grappler (level 11, -5/105 HPs)
             Began as a Troll Hunter on Dec 6, 2018.
             Was a High Priest of Okawaru.
             Slain by a brown ugly thing (13 damage)
             ... on level 11 of the Dungeon.
             The game lasted 00:22:59 (8516 turns).

MisterFreud the Grappler (Troll Hunter)             Turns: 8516, Time: 00:23:00

Health: -5/105     AC:  7    Str: 25    XL:     11   Next: 52%
Magic:  16/16      EV: 14    Int: 10    God:    Okawaru [*****.]
Gold:   608        SH:  0    Dex: 14    Spells: 10/10 levels left

rFire    + + .     SeeInvis .     - Unarmed
rCold    x . .     Gourm    +   (no shield)
rNeg     . . .     Faith    .   R - +2 fire dragon scales
rPois    .         Spirit   .   c - +2 hat {Int+3}
rElec    .         Reflect  .   (no cloak)
rCorr    .         Harm     .   (gloves unavailable)
MR       .....                  (boots unavailable)
Stlth    ..........             (no amulet)
HPRegen  0.67/turn              s - +4 ring of dexterity
MPRegen  0.15/turn              m - +3 ring of evasion

@: confused, about to teleport, corroded
A: large, unfitting armour, claws 3, fast metabolism 3, gourmand, regeneration
1, shaggy fur 1, tough skin 2
a: Heroism, Finesse, Renounce Religion


You were on level 11 of the Dungeon.
You worshipped Okawaru.
Okawaru was extremely pleased with you.
You were completely stuffed.

You visited 2 branches of the dungeon, and saw 12 of its levels.
You also visited: Ossuary.

You collected 608 gold pieces.

Inventory:

Missiles
 d - 8 throwing nets
 h - 300 stones
 n - 2 exploding tomahawks
 J - 7 poisoned javelins
 K - 7 poisoned tomahawks
 L - 13 large rocks (quivered)
 P - 3 javelins
Armour
 b - a +1 robe
 c - a +2 hat of intelligence (worn)
 Q - a +0 troll leather armour
 R - +2 fire dragon scales (worn)
Jewellery
 g - an uncursed ring of positive energy
 m - a +3 ring of evasion (right claw)
 s - a +4 ring of dexterity (left claw)
 F - a cursed ring of positive energy
 N - an uncursed ring of fire
Wands
 l - a wand of iceblast (7)
 q - a wand of flame (38)
 w - a wand of acid (11)
 y - a wand of random effects (31)
Scrolls
 a - 5 scrolls of remove curse
 i - 2 scrolls of teleportation
 o - a scroll of enchant armour
 r - a scroll of fear
 x - a scroll of amnesia
 z - a scroll of noise {unknown}
 A - a scroll of silence {unknown}
 B - 2 scrolls of random uselessness
 C - 2 scrolls of enchant weapon
 E - a scroll of immolation {unknown}
 H - 3 scrolls of magic mapping
 I - a scroll of summoning {unknown}
 M - a scroll of fog {unknown}
Potions
 e - a potion of berserk rage {unknown}
 k - 3 potions of mutation
 p - a potion of haste
 t - a potion of cancellation
 u - a potion of lignification
 v - 6 potions of flight
 D - a potion of magic
 G - 2 potions of resistance
 S - a potion of might {unknown}
Comestibles
 f - 20 rations


   Skills:
 - Level 5.7 Fighting
 - Level 5.1 Throwing
 + Level 1.0 Armour
 + Level 7.5 Dodging
 - Level 0.3 Stealth
 - Level 8.0 Unarmed Combat
 - Level 8.0 Invocations
 - Level 6.0 Evocations


You had 10 spell levels left.
You didn't know any spells.
Your spell library contained the following spells:

 Spells                   Type           Power        Failure   Level  Hunger
 Flame Tongue             Conj/Fire      #....        75%         1    ##.....
 Magic Dart               Conj           #...         75%         1    ##.....
 Blink                    Tloc           N/A          86%         2    ###....
 Call Imp                 Summ           #.......     86%         2    ###....
 Searing Ray              Conj           #.....       86%         2    ###....
 Slow                     Hex            #.......     86%         2    ###....
 Conjure Flame            Conj/Fire      #.......     98%         3    ####...
 Dazzling Spray           Conj/Hex       #.....       98%         3    ####...
 Mephitic Cloud           Conj/Pois/Air  #.......     98%         3    ####...
 Cause Fear               Hex            #.........   100%        4    #####..
 Force Lance              Conj/Tloc      #.......     100%        4    #####..
 Fulminant Prism          Conj/Hex       #.........   100%        4    #####..
 Iskenderun's Mystic Bla  Conj           #.......     100%        4    #####..
 Bolt of Fire             Conj/Fire      #.........   100%        6    #######
 Dragon Form              Tmut           #.........   100%        7    #######
 Dragon's Call            Summ           #.........   100%        9    #######


Dungeon Overview and Level Annotations

Branches:
Dungeon (11/15)            Temple (1/1) D:5            Lair (0/6) D:9
    Orc (0/2) D:10

Altars:
Ashenzari
Cheibriados
Dithmenos
Elyvilon
Fedhas
Gozag
Hepliaklqana
Kikubaaqudgha
Makhleb
Nemelex Xobeh
Okawaru
Qazlal
Ru
Sif Muna
Trog
Uskayaw
Vehumet
Wu Jian
Xom
Yredelemnul
Zin
The Shining One
Beogh

Annotations:
D:8 2 transporters, PeterMcNeter's ghost, novice NaWn


Innate Abilities, Weirdness & Mutations

You are too large for most types of armour.
You have claws for hands.
Your metabolism is lightning-fast.
You like to eat raw meat.
Your natural rate of healing is unusually fast.
You are covered in fur. (AC +1)
You have very tough skin. (AC +2)


Message History

Unknown command.
You feel better. The brown ugly thing bites you!
* * * LOW HITPOINT WARNING * * *
You are splashed with acid!
The acid burns!
* * * LOW HITPOINT WARNING * * *
As you read the scroll of fear, it crumbles to dust.
You assume a fearsome visage.
The deep elf mage looks frightened!
The orc warrior looks frightened!
The brown ugly thing resists with some effort.
The brown ugly thing bites you but does no damage.
The deep elf mage mumbles some strange words.
The deep elf mage blinks!
Okay, then.
As you read the scroll of teleportation, it crumbles to dust.
You feel strangely unstable. The brown ugly thing misses you.
Evoke which item? (* to show all) (? for menu, Esc to quit)
Okay, then.
You are confused.
You feel invigorated. The brown ugly thing bites you!
You die...

......# #........###
......#######.......§§.#
......'.............u#.#
[.....#######........#.'......
......# #o.......###..#.#.
##†#### #.§§.....# K#.# #)#
##§####### e (# ##.# #E### #Z
# #..# #.u@# .c #'### ###+# O#
...[# ....# ....# ....# ....+
....# ....#


You could see a brown ugly thing and a fire elemental.

Vanquished Creatures
  Gastronok (D:8)
  Harold (D:7)
  2 two-headed ogres
  A gargoyle (D:10)
  Psyche (D:11)
  A kobold demonologist (D:10)
  3 trolls
  A hippogriff (D:8)
  A shadow (D:9)
  4 yaks (D:9)
  A spriggan (D:9)
  2 wraiths (Ossuary)
  Menkaure (D:5)
  Duvessa (D:4)
  2 ice beasts
  3 orc warriors (D:10)
  3 black bears
  An eye of draining (D:9)
  2 sky beasts
  3 phantoms
  6 ogres
  6 centaurs
  4 bullfrogs
  A wyvern zombie (D:11)
  2 big kobolds (D:11)
  Dowan (D:4)
  6 scorpions
  13 killer bees
  2 wights (Ossuary)
  3 electric eels (D:10)
  A howler monkey (D:10)
  2 crimson imps (D:8)
  A bullfrog zombie (D:11)
  4 hounds
  2 orc priests (D:10)
  7 orc wizards
  2 centaur skeletons
  4 jellies
  2 bullfrog skeletons
  2 iguanas
  10 worker ants
  3 hound skeletons
  2 howler monkey skeletons
  7 gnolls
  8 adders
  5 shadow imps
  An ooze (D:6)
  3 adder zombies
  A dart slug (D:1)
  3 worms (D:2)
  8 leopard geckos
  27 orcs
  5 giant cockroaches
  3 goblins (D:2)
  9 hobgoblins
  A jackal (D:2)
  3 quokkas
  2 ball pythons
  14 bats
  8 frilled lizards
  A giant cockroach zombie (D:6)
  2 hobgoblin skeletons (Ossuary)
  3 hobgoblin zombies (Ossuary)
  A jackal skeleton (D:6)
  12 kobolds
  2 kobold zombies (Ossuary)
  A leopard gecko skeleton (D:7)
  An orc skeleton (Ossuary)
  A quokka skeleton (D:4)
  10 rats
263 creatures vanquished.

Notes
Turn   | Place    | Note
-------+----------+-------------------------------------------
     0 | D:1      | MisterFreud the Troll Hunter began the quest for the Orb.
     0 | D:1      | Reached XP level 1. HP: 19/19 MP: 0/0
   119 | D:1      | Reached skill level 1 in Unarmed Combat
   178 | D:1      | Reached XP level 2. HP: 27/27 MP: 1/1
   803 | D:2      | Reached XP level 3. HP: 23/33 MP: 2/2
   944 | D:2      | Reached XP level 4. HP: 21/41 MP: 3/3
  1446 | D:3      | Reached XP level 5. HP: 44/48 MP: 4/4
  1507 | D:3      | Reached skill level 5 in Unarmed Combat
  1891 | D:4      | Noticed a phantom
  1930 | D:4      | Killed a phantom
  1930 | D:4      | Reached XP level 6. HP: 44/55 MP: 5/5
  1941 | D:4      | Noticed Duvessa
  1943 | D:4      | Noticed Dowan
  1973 | D:4      | Killed Duvessa
  1980 | D:4      | Killed Dowan
  2067 | D:4      | Reached XP level 7. HP: 40/62 MP: 6/6
  2181 | D:4      | Found a shattered altar of Ashenzari.
  2710 | D:5      | Entered Level 5 of the Dungeon
  2743 | D:5      | Noticed a troll
  2840 | D:5      | Noticed Menkaure
  2843 | D:5      | Killed Menkaure
  3010 | D:5      | Reached skill level 5 in Throwing
  3071 | D:5      | Reached XP level 8. HP: 36/70 MP: 7/7
  3197 | D:5      | Killed a troll
  3273 | D:5      | Found a staircase to the Ecumenical Temple.
  3289 | Temple   | Entered the Ecumenical Temple
  3402 | Temple   | Became a worshipper of Warmaster Okawaru
  3505 | D:6      | Found a sand-covered staircase.
  3522 | Ossuary  | Entered an ossuary
  3646 | Ossuary  | Noticed a flying skull
  3653 | Ossuary  | Noticed a flying skull
  3654 | Ossuary  | Noticed a flying skull
  3717 | Ossuary  | Reached skill level 5 in Dodging
  3811 | D:6      | Reached * piety under Okawaru
  4097 | D:6      | Reached XP level 9. HP: 80/84 MP: 8/8
  4278 | D:6      | Reached skill level 1 in Invocations
  4680 | D:6      | Found a radiant altar of Vehumet.
  4680 | D:6      | Found a deep blue altar of Sif Muna.
  4685 | D:6      | Found a blossoming altar of Fedhas.
  4690 | D:6      | Found a faded altar of an unknown god.
  4691 | D:6      | Found a bloodstained altar of Trog.
  4882 | D:7      | Noticed Harold
  4894 | D:7      | Killed Harold
  4894 | D:7      | Reached ** piety under Okawaru
  4894 | D:7      | Reached skill level 5 in Fighting
  5004 | D:7      | Noticed a two-headed ogre
  5012 | D:7      | Reached skill level 1 in Evocations
  5103 | D:7      | Killed a two-headed ogre
  5103 | D:7      | Reached *** piety under Okawaru
  5103 | D:7      | Reached skill level 5 in Invocations
  5103 | D:7      | Reached XP level 10. HP: 66/98 MP: 9/13
  5563 | D:8      | Noticed PeterMcNeter's ghost (novice NaWn)
  5823 | D:8      | Reached **** piety under Okawaru
  5825 | D:8      | Noticed Gastronok
  5940 | D:8      | Killed Gastronok
  5940 | D:8      | Received a gift from Okawaru
  5940 | D:8      | Received a gift from Okawaru
  5940 | D:8      | Reached skill level 5 in Evocations
  5985 | D:8      | Found a transporter.
  6044 | D:8      | Found a transporter.
  6362 | D:9      | Found a staircase to the Lair.
  6401 | D:9      | Found a white marble altar of Elyvilon.
  6448 | D:9      | Reached ***** piety under Okawaru
  6473 | D:9      | Received a gift from Okawaru
  6657 | D:9      | Found a shadowy altar of Dithmenos.
  6739 | D:9      | Reached XP level 11. HP: 99/105 MP: 15/15
  7301 | D:10     | Entered Level 10 of the Dungeon
  7552 | D:10     | Found a staircase to the Orcish Mines.
  7589 | D:10     | Found a roughly hewn altar of Beogh.
  7607 | D:10     | Received a gift from Okawaru
  8311 | D:11     | Noticed Psyche
  8318 | D:11     | Killed Psyche
  8351 | D:11     | Noticed a two-headed ogre
  8361 | D:11     | Killed a two-headed ogre
  8361 | D:11     | Received a gift from Okawaru
  8475 | D:11     | Noticed a deep elf mage
  8488 | D:11     | Reached skill level 1 in Armour
  8491 | D:11     | Noticed a brown ugly thing
  8512 | D:11     | HP: 1/105 [acid (9)]
  8516 | D:11     | Slain by a brown ugly thing

Vault maps used:
D:1:      lemuel_arrival_river_ford, minmay_liquid_box
D:2:      kennysheep_six_static_rooms
D:4:      cheibrodos_ashenzari_chains, first_ration, uniq_duvessa
D:5:      minmay_temple_entry_antechambers, uniq_menkaure
D:6:      chequers_temple_overflow_minitemple,
          lightli_ossuary_entry_decrepit_ruins
D:7:      uniq_harold
D:8:      gammafunk_ghost_arena, uniq_gastronok
D:9:      elyvilon_altar_1, dpeg_oklobed_lair, the_bakery,
          grunt_dithmenos_smoke_and_mirrors
D:10:     minmay_orc_entry_temple_small
D:11:     statue_in_the_mist_lemuel, minmay_ruined_shrine, uniq_psyche,
          uniq_grum
Temple:   nicolae_temple_elliptical
Ossuary:  ossuary_due_cavern

Skill      XL: |  1  2  3  4  5  6  7  8  9 10 11 |
---------------+----------------------------------+-----
Unarmed Combat | 1 2 3 4 6 7 8 |  8.0
Throwing       | 5 |  5.1
Dodging        | 2 5 7 |  7.5
Fighting       | 4 5 |  5.7
Invocations    | 5 7 8 |  8.0
Evocations     | 2 6 |  6.0
Armour         | 1 |  1.0
Stealth        | |  0.3

Action                   |  1- 3 |  4- 6 |  7- 9 | 10-12 || total
-------------------------+-------+-------+-------+-------++-------
Melee: Unarmed           |    97 |   147 |   217 |   392 ||   853
       Short sword       |     7 |       |       |       ||     7
       Punch             |       |     2 |     8 |    18 ||    28
Throw: Large rock        |       |       |     2 |    11 ||    13
       Throwing net      |       |       |       |     1 ||     1
Invok: Heroism           |       |       |     1 |     1 ||     2
Evoke: Wand              |       |       |     7 |     5 ||    12
  Use: Scroll            |     4 |     1 |    11 |     8 ||    24
       Potion            |       |       |     1 |     4 ||     5
 Stab: Sleeping          |       |     3 |     8 |       ||    11
       Held in net/web   |       |       |       |     2 ||     2
  Eat: Chunk             |    14 |    11 |    26 |    33 ||    84
Armor: Robe              |    43 |    43 |    36 |    43 ||   165
       Troll leather arm |       |       |       |    29 ||    29
       Fire dragon scale |       |       |       |     7 ||     7
Dodge: Dodged            |    66 |    92 |   128 |   218 ||   504

Table legend:
 A = Non-vault XP
 B = Vault XP
 C = Vault XP percentage of total XP
 D = Non-vault monster count
 E = Vault monster count
 F = Vault count percentage of total count
                 A         B        C        D         E       F
            +---------+---------+-------+---------+---------+-------
      Total |   11266 |    5421 |  32.5 |     224 |      39 |  14.8
            +---------+---------+-------+---------+---------+-------
        D:1 |      38 |       0 |   0.0 |      24 |       0 |   0.0
        D:2 |     143 |       9 |   5.9 |      36 |       6 |  14.3
        D:3 |      94 |       0 |   0.0 |      16 |       0 |   0.0
        D:4 |     464 |     227 |  32.9 |      17 |       2 |  10.5
        D:5 |     602 |     172 |  22.2 |       7 |       1 |  12.5
        D:6 |    1015 |       0 |   0.0 |      26 |       0 |   0.0
        D:7 |    1461 |     987 |  40.3 |      12 |       1 |   7.7
        D:8 |    1481 |    2193 |  59.7 |      26 |       1 |   3.7
        D:9 |    3008 |     211 |   6.6 |      29 |       1 |   3.3
       D:10 |    1522 |     572 |  27.3 |      19 |      11 |  36.7
       D:11 |    1438 |     513 |  26.3 |      12 |       2 |  14.3
    Ossuary |       0 |     537 | 100.0 |       0 |      14 | 100.0
            +---------+---------+-------+---------+---------+-------
